 Dungeon Crawl Stone Soup version 0.27-b1-41-gafb5482f4b (webtiles) character file.

Game seed: 392595721072961992

431 Urokeeper the Covert (level 6, -1/35 HPs)
             Began as a Vampire Brigand on July 28, 2021.
             Was a Follower of Dithmenos.
             Killed from afar by an orc wizard (6 damage)
             ... with a puff of flame
             ... on level 4 of the Dungeon.
             The game lasted 00:15:17 (3760 turns).

Urokeeper the Covert (Vampire Brigand)              Turns: 3760, Time: 00:15:18

Health: -1/35      AC:  5    Str:  6 (10) XL:     6   Next: 67%
Magic:  6/6        EV: 12    Int: 12 (14) God:    Dithmenos [*.....]
Gold:   124        SH:  0    Dex: 13 (17) Spells: 5/5 levels left

rFire    . . .     SeeInvis +   a - +2 dagger
rCold    + + .     Faith    .   (no shield)
rNeg     + + +     Spirit   .   b - +0 robe
rPois    ∞         Reflect  .   r - +1 helmet
rElec    .         Harm     .   x - +0 cloak {rCorr}
rCorr    +         Rampage  .   (no gloves)
Will     .....                  (no boots)
Stlth    +++++++...             (no amulet)
HPRegen  0.00/turn              l - ring of flight
MPRegen  0.10/turn              (no ring)

@: flying, bloodless, inhibited regen, wreathed by umbra
A: bloodless, fangs 3, see invisible, vampiric 2
a: Bat Form, Revivify, Renounce Religion


You were on level 4 of the Dungeon.
You worshipped Dithmenos.
Dithmenos was aware of your devotion.
You visited 1 branch of the dungeon, and saw 4 of its levels.

You collected 124 gold pieces.

Inventory:

Hand Weapons
 a - a +2 dagger (weapon)
 k - a +4 scythe of freezing
 y - a +3 quarterstaff of chaos
Missiles
 e - 2 curare-tipped darts (quivered)
Armour
 b - a +0 robe (worn)
 c - a +0 cloak
 r - a +1 helmet (worn)
 x - a +0 cloak of preservation (worn)
Jewellery
 l - a ring of flight (left hand)
Wands
 d - a wand of polymorph (10)
 h - a wand of mindburst (13)
Scrolls
 g - a scroll of enchant weapon {unknown}
 j - 2 scrolls of teleportation {unknown}
 o - 2 scrolls of amnesia
 s - a scroll of identify {unknown}
 v - a scroll of fear {unknown}
Potions
 f - 4 potions of curing {unknown}
 i - a potion of magic {unknown}
 m - a potion of might {unknown}
 n - 2 potions of degeneration {unknown}
 p - a potion of cancellation {unknown}
 q - a potion of berserk rage {unknown}
 t - a potion of haste {unknown}
 u - a potion of flight {unknown}


   Skills:
 + Level 2.2 Fighting
 + Level 4.0 Short Blades
 + Level 2.4 Throwing
 + Level 2.3 Dodging
 + Level 10.0 Stealth


You had 5 spell levels left.
You didn't know any spells.
Your spell library contained the following spells:

 Spells                   Type           Power      Damage    Failure   Level
 Foxfire                  Conj/Fire      0%         2x1d4     32%         1
 Conjure Flame            Conj/Fire      0%         6-21      69%         3
 Inner Flame              Hex/Fire       0%         N/A       69%         3


Dungeon Overview and Level Annotations

Branches:
Dungeon (4/15)
 Temple: D:4-7

Altars:
Dithmenos
Qazlal
Wu Jian

Annotations:
D:4 Menkaure


Innate Abilities, Weirdness & Mutations

You do not regenerate when monsters are visible.
You are frail without blood (-20% HP).
You can heal yourself when you bite living creatures.
You are immune to poison.
You have razor-sharp teeth.
You have supernaturally acute eyesight. (SInv)
You are afflicted with vampirism and can become a bat while bloodless.


Message History

Throw: 5 darts (poison)
Press: ? - help, Q - select action, (/) - cycle Shift-Dir - straight line, f/p - goblin
Aim: a goblin, wielding a +0 club (51% to hit)
You throw a poisoned dart.
The poisoned dart closely misses the goblin.
Throw: 4 darts (poison)
Press: ? - help, Q - select action, (/) - cycle Shift-Dir - straight line, f/p - goblin
Aim: a goblin, wielding a +0 club (51% to hit)
You throw a poisoned dart.
The poisoned dart closely misses the goblin.
Throw: 3 darts (poison)
Press: ? - help, Q - select action, (/) - cycle Shift-Dir - straight line, f/p - goblin
Aim: a goblin, wielding a +0 club (51% to hit)
You throw a poisoned dart. The poisoned dart hits the goblin.
Unknown command.
Throw: 2 darts (poison)
Press: ? - help, Q - select action, (/) - cycle Shift-Dir - straight line, f/p - goblin
Aim: a goblin, wielding a +0 club (51% to hit)
You throw a poisoned dart.
The poisoned dart barely misses the goblin.
Throw: dart (poison)
Press: ? - help, Q - select action, (/) - cycle Shift-Dir - straight line, f/p - goblin
Aim: a goblin, wielding a +0 club (51% to hit)
You throw a poisoned dart. The poisoned dart hits the goblin!
The goblin is poisoned.
You kill the goblin!
Dithmenos accepts your kill.
Things that are here:
a +0 club; a goblin corpse An orc wizard comes into view.
It is wielding a +0 dagger and wearing a +0 robe of willpower.
You see here a poisoned dart.
Things that are here:
a +0 club; a goblin corpse You closely miss the orc wizard.
The orc wizard casts a spell at you. You resist with some effort.
You hit the orc wizard but do no damage.
The orc wizard points at you and mumbles some strange words.
The puff of flame hits you.
You die...

# #.#.o ######=?....
#..#.......o
#..o..#.....
#.@#...##... #.#.# ##
##(##....o.......
##.###......o...#.#.#.#
#...#.(................
#.....(........#.#.#.#.
##.....(...............
##...(.#.....#.#.#.#.#
#####r#.#......†.....
#..r##...#.#.#.#.


You could see an orc wizard and a quokka (wandering).

Vanquished Creatures
  Sigmund (D:2)
  A scorpion (D:4)
  A jelly (D:4)
  Crazy Yiuf (D:4)
  Ijyb (D:4)
  2 hound skeletons (D:4)
  Robin (D:3)
  2 adders (D:3)
  2 worms (D:2)
  A dart slug (D:2)
  3 orcs (D:3)
  3 bats
  2 endoplasms
  2 giant cockroaches
  17 goblins
  13 hobgoblins
  6 jackals
  2 quokkas
  2 ball pythons (D:3)
  4 frilled lizards
  2 kobolds
  3 rats
72 creatures vanquished.

Vanquished Creatures (others)
  A fungus (D:4)
1 creature vanquished.

Grand Total: 73 creatures vanquished

Notes
Turn   | Place    | Note
-------+----------+-------------------------------------------
     0 | D:1      | Urokeeper the Vampire Brigand began the quest for the Orb.
     0 | D:1      | Reached XP level 1. HP: 16/16 MP: 1/1
    72 | D:1      | Reached skill level 6 in Stealth
   353 | D:1      | Reached XP level 2. HP: 17/17 MP: 2/2
   976 | D:2      | Reached skill level 7 in Stealth
  1128 | D:2      | Gained mutation: You are afflicted with vampirism and can
                  | become a bat while bloodless. [Vampire growth]
  1128 | D:2      | Reached XP level 3. HP: 21/21 MP: 3/3
  1154 | D:2      | Noticed Sigmund
  1165 | D:2      | Killed Sigmund
  1166 | D:2      | Reached skill level 9 in Stealth
  1166 | D:2      | Reached XP level 4. HP: 26/26 MP: 4/4
  1166 | D:2      | Reached XP level 5. HP: 30/30 MP: 5/5
  1610 | D:2      | Found a faded altar of an unknown god.
  2119 | D:3      | Found a shadowy altar of Dithmenos.
  2134 | D:3      | Became a worshipper of Dithmenos the Shadowed
  2207 | D:3      | Noticed Robin
  2332 | D:3      | Killed Robin
  2518 | D:3      | Found a stormy altar of Qazlal.
  2518 | D:3      | Found an ornate altar of the Wu Jian Council.
  2661 | D:4      | Reached XP level 6. HP: 35/35 MP: 6/6
  3298 | D:4      | Noticed Ijyb
  3310 | D:4      | Killed Ijyb
  3312 | D:4      | Identified the +2 robe of Oseroqud {Harm +Blink rF-}
  3375 | D:4      | Noticed Menkaure
  3385 | D:4      | Found a runed translucent door.
  3386 | D:4      | Noticed Crazy Yiuf
  3393 | D:4      | Killed Crazy Yiuf
  3740 | D:4      | Reached * piety under Dithmenos
  3741 | D:4      | Reached skill level 10 in Stealth
  3760 | D:4      | Killed from afar by an orc wizard

Illustrated notes

Levels and vault maps discovered:
D:1:      dpeg_arrival_leaves_temple_mockup, layout_basic
D:2:      layout_loops_corners, hellmonk_ecumenical_altar_prayer_group,
          uniq_sigmund
D:3:      layout_basic, nicolae_dithmenos_through_a_glass_darkly,
          gammafunk_temple_overflow_pools, uniq_robin
D:4:      layout_cave_pools, minmay_temple_entry_statues_fountains, hex_medium,
          kennysheep_generic_room_5, uniq_crazy_yiuf_cottage, uniq_ijyb,
          uniq_menkaure, uniq_natasha

Skill      XL: |  1  2  3  4  5  6 |
---------------+-------------------+-----
Stealth        | 6 7 9 10 | 10.0
Short Blades   | 3 4 |  4.0
Throwing       | 2 |  2.4
Fighting       | 2 |  2.2
Dodging        | 2 |  2.3

Action                   |  1- 3 |  4- 6 || total
-------------------------+-------+-------++-------
Melee: Dagger            |    38 |   178 ||   216
       Bite              |     1 |    14 ||    15
Throw: Dart              |     5 |    24 ||    29
 Abil: Exsanguinate      |     1 |       ||     1
       End Transformatio |       |     2 ||     2
       Bat Form          |       |     2 ||     2
  Use: Scroll            |       |     1 ||     1
 Stab: Sleeping          |    13 |    13 ||    26
Armor: Robe              |     5 |    32 ||    37
Dodge: Dodged            |    24 |    86 ||   110
